 Dungeon Crawl Stone Soup version 0.32-a0-909-gc671339a80 (webtiles) character file.

Game seed: 17012431791579537538

485 Biggs the Shooter (level 7, -4/50 HPs)
             Began as a Coglin Hunter on Apr 7, 2024.
             Slain by a killer bee (9 damage)
             ... on level 4 of the Dungeon.
             The game lasted 00:04:02 (2875 turns).

Biggs the Shooter (Coglin Hunter)                   Turns: 2875, Time: 00:04:02

Health: -4/50      AC:  3    Str: 12    XL:     7   Next: 13%
Magic:  7/7        EV: 11    Int:  8    God:
Gold:   160        SH:  0    Dex: 19    Spells: 6/6 levels left

rFire   . . .        a - +2 sling {Libusa}
rCold   . . .        d - +0 sling {Conrad}
rNeg    . . .        c - +0 leather armour
rPois   .            (no helmet)
rElec   .            (no cloak)
rCorr   .            (no gloves)
SInv    .            (no boots)
Will    .....        (amulet unavailable)
Stlth   ++           (ring unavailable)
HPRegen 0.28/turn    (ring unavailable)
MPRegen 0.10/turn    (no gizmo)

%: no passive effects
@: lethally poisoned (-4 -> -10), revved
A: off-hand wielding, slow wielding, warmup strikes, no jewellery
a: Invent Gizmo


You were on level 4 of the Dungeon.
You visited 1 branch of the dungeon, and saw 4 of its levels.

You collected 160 gold pieces.

Inventory:

Hand Weapons
 a - a +2 sling (weapon) {Libusa}
 d - a +0 sling (offhand) {Conrad}
Armour
 c - a +0 leather armour (worn)
Wands
 l - a wand of polymorph (12)
 n - a wand of roots (7)
Scrolls
 b - a scroll of butterflies
 g - a scroll of brand weapon {unknown}
 i - 2 scrolls of enchant armour {unknown}
 j - a scroll of fear {unknown}
 m - a scroll of amnesia {unknown}
 p - 2 scrolls of blinking {unknown}
Potions
 e - a potion of attraction {unknown}
 f - 2 potions of resistance {unknown}
 h - a potion of mutation {unknown}
 k - 3 potions of curing {unknown}
 o - a potion of enlightenment {unknown}


   Skills:
 - Level 2.0 Fighting
 + Level 7.6 Ranged Weapons
 - Level 1.7 Dodging
 - Level 0.7 Stealth


You had 6 spell levels left.
You didn't know any spells.
Your spell library was empty.

Dungeon Overview and Level Annotations

Branches:
Dungeon (4/15)
 Temple: D:4-7

Altars:
Qazlal
Ru

Annotations:
D:3 1 runed translucent door, runemasterragnar's ghost, amateur CoHu
D:4 3 runed translucent doors, pokedragonboy's ghost, novice FoFi


Innate Abilities, Weirdness & Mutations

You can wield a second weapon in your off-hand.
It takes a long time for you to wield or remove held weapons.
Your first few attacks do less damage.
You cannot equip rings or amulets.


Message History

You kill the killer bee!
You feel sick.
You are no longer poisoned.
The killer bee stings you.
Unknown command.
Fire: a) +2 sling {Libusa}
Press: ? - help, Q - select action, (/) - cycle Shift-Dir - straight line, f - killer bee
Aim: a killer bee (severely wounded, 40% to hit)
You shoot a sling bullet.
The sling bullet closely misses the killer bee.
You shoot a sling bullet.
The sling bullet completely misses the killer bee.
The killer bee stings you.
* * * LOW HITPOINT WARNING * * *
You are poisoned.
The killer bee poisons you! The killer bee closely misses you.
Unknown command.
Fire: a) +2 sling {Libusa}
Press: ? - help, Q - select action, (/) - cycle Shift-Dir - straight line, f/p - killer bee
Aim: a killer bee (severely wounded, 40% to hit)
You shoot a sling bullet.
The sling bullet barely misses the killer bee.
You shoot a sling bullet. The sling bullet misses the killer bee.
You feel very sick. The killer bee stings you.
* * * LOW HITPOINT WARNING * * *
The killer bee stings you.
* * * LOW HITPOINT WARNING * * *
Unknown command.
Fire: a) +2 sling {Libusa}
Press: ? - help, Q - select action, (/) - cycle Shift-Dir - straight line, f/p - killer bee
Aim: a killer bee (severely wounded, 40% to hit)
You shoot a sling bullet. The sling bullet misses the killer bee.
You shoot a sling bullet.
The sling bullet barely misses the killer bee.
* * * LOW HITPOINT WARNING * * *
You feel sick. The killer bee stings you.
* * * LOW HITPOINT WARNING * * *
The killer bee stings you!
You die...

### #.# #.###########
#....@y....†.
#.###########
#.#.........#
#.#.#######.# #######
#.#.#.....#.#
......######.#.#.###.#.#
...........#.#.#.#.#.#.#
......####.#.#.#.#<..#.#
..>##### #.#.#.#.#####.#


You could see a killer bee.

Vanquished Creatures
  A phantom (D:4)
  A jelly (D:4)
  A killer bee (D:4)
  A hound (D:4)
  An orc priest (D:3)
  3 iguanas (D:4)
  An orc wizard (D:3)
  Natasha (twice) (D:2)
  Terence (D:2)
  2 adders
  A ribbon worm (D:3)
  2 dart slugs
  11 orcs
  3 bats
  3 endoplasms
  2 giant cockroaches (D:4)
  A goblin (D:1)
  6 hobgoblins
  5 ball pythons
  5 frilled lizards
  9 kobolds
  5 rats
67 creatures vanquished.

Notes
Turn   | Place    | Note
-------+----------+-------------------------------------------
     0 | D:1      | Biggs the Coglin Hunter began the quest for the Orb.
     0 | D:1      | Reached XP level 1. HP: 16/16 MP: 1/1
   234 | D:1      | Reached skill level 4 in Ranged Weapons
   234 | D:1      | Reached XP level 2. HP: 22/22 MP: 2/2
   770 | D:2      | Noticed Natasha
   774 | D:2      | Killed Natasha
   775 | D:2      | Reached XP level 3. HP: 27/27 MP: 3/3
   941 | D:2      | Noticed Terence
   950 | D:2      | Killed Terence
   951 | D:2      | Reached skill level 5 in Ranged Weapons
   951 | D:2      | Reached XP level 4. HP: 6/33 MP: 4/4
  1213 | D:2      | Noticed Natasha
  1217 | D:2      | Killed Natasha
  1692 | D:3      | Reached XP level 5. HP: 38/38 MP: 5/5
  1694 | D:3      | Reached skill level 6 in Ranged Weapons
  1871 | D:3      | Found a sacrificial altar of Ru.
  1944 | D:3      | Found a runed translucent door.
  1944 | D:3      | Noticed runemasterragnar's ghost (amateur CoHu)
  2040 | D:3      | Noticed an ogre
  2212 | D:4      | Found a runed translucent gate.
  2214 | D:4      | Found a runed translucent gate.
  2214 | D:4      | Found a runed translucent gate.
  2214 | D:4      | Noticed a kobold brigand
  2214 | D:4      | Noticed pokedragonboy's ghost (novice FoFi)
  2249 | D:4      | Found a stormy altar of Qazlal.
  2265 | D:4      | Noticed a phantom
  2271 | D:4      | Killed a phantom
  2272 | D:4      | Reached XP level 6. HP: 44/44 MP: 6/6
  2391 | D:4      | Reached skill level 7 in Ranged Weapons
  2786 | D:4      | Reached XP level 7. HP: 48/50 MP: 7/7
  2875 | D:4      | Slain by a killer bee

Illustrated notes

Levels and vault maps discovered:
D:1:      lightli_arrival_farm, layout_loops_ring
D:2:      layout_basic, uniq_terence, uniq_natasha
D:3:      layout_rooms, marbit_many_paths, ebering_ghost_inner_flame,
          chequers_serial_rivers_large_b, minmay_ogre_servants
D:4:      layout_basic, mainiacjoe_overflow_alcove_1,
          gammafunk_ghost_nasty_kobolds, kennysheep_generic_room_4

Skill      XL: |  1  2  3  4  5  6 |
---------------+-------------------+-----
Ranged Weapons | 4 5 6 7 |  7.6
Fighting       | |  2.0
Dodging        | |  1.7
Stealth        | |  0.7

Action                     |  1- 3 |  4- 6 |  7- 9 || total
---------------------------+-------+-------+-------++-------
   Fire: Sling             |    98 |   222 |    28 ||   348
 Armour: Leather armour    |     7 |    12 |    14 ||    33
  Dodge: Dodged            |     8 |    18 |     8 ||    34

Table legend: (Time is in decaauts)
 A = Elapsed time spent in this place.
 B = Non-inter-level travel time spent in this place.
 C = Inter-level travel time spent in this place.
 D = Time resting spent in this place.
 E = Time spent auto-exploring this place.
 F = Levels seen in this place.
 G = Mean time per level.
                   A        B        C        D        E       F      G
               +--------+--------+--------+--------+--------+-----+--------+
         Total |   2950 |   2873 |     77 |      0 |   2537 |   4 |  737.5 |
       Dungeon |   2950 |   2873 |     77 |      0 |   2537 |   4 |  737.5 |
               +--------+--------+--------+--------+--------+-----+--------+

Top non-repeatable levels by time:
     D:4: 812 daAuts
     D:1: 770 daAuts
     D:2: 753 daAuts
     D:3: 615 daAuts
